AoeStats
← notthemama

Nomad

507740976Analyzed
2v2 RM · 14d ago on Sep 19, 2026· 46m 31s· 4 players
Game mode
Random Map
Map size
176×176
Population
200
Speed
Normal
Resources
Standard
Victory
Conquest
Starting age
Dark Age
Ending age
Imperial Age
RankedLock teamsTeams togetherTeam positionsShared explorationLock speedFull tech treeHidden civsTurbo modeCheats
Victory
Defeat
🇮🇹 Aztecs · Italy
1077
+17
🇵🇱 Gurjaras · Poland
1064
+18
🇭🇺 Goths · Hungary
1108
-18
🇨🇦 Slavs · Canada
1093
-17
Kobas394
13:22 Feudal Age
13:51 Double-Bit Axe
14:36 Fishing Lines
15:13 Loom
20:10 Castle Age
18:59 Forging
21:13 Bloodlines
21:43 Gold Mining
22:20 Bow Saw
22:45 Gillnets
24:32 Fletching
24:31 Loom
25:49 Wheelbarrow
32:32 Horse Collar
35:39 Bodkin Arrow
38:19 Imperial Age
37:25 Heavy Plow
37:35 Scale Mail Armor
37:32 Bodkin Arrow
40:14 Chemistry
39:35 Ballistics
39:27 Masonry
39:43 Chain Mail Armor
40:38 Gold Shaft Mining
41:50 Hoardings
41:36 Conscription
42:49 Crop Rotation
41:53 Heavy Camel Rider
42:34 Husbandry
43:11 Iron Casting
42:41 Scale Barding Armor
45:49 Chain Barding Armor
45:49 Medium Warships
45:59 Siege Elephant
47:12 Architecture
notthemama
10:01 Loom
14:45 Feudal Age
15:37 Double-Bit Axe
17:38 Gold Mining
19:21 Scale Mail Armor
19:31 Forging
19:47 Fletching
19:58 Padded Archer Armor
24:01 Fishing Lines
27:58 Castle Age
26:35 Wheelbarrow
28:00 Crossbowman
28:02 Eagle Warrior
28:43 Squires
32:43 Chain Mail Armor
31:54 Pikeman
32:45 Stone Mining
35:18 Bow Saw
38:07 Medium Warships
37:49 Gillnets
47:01 Imperial Age
44:19 Town Watch
moleMTL
3:48 Loom
13:06 Feudal Age
14:35 Double-Bit Axe
15:03 Fletching
23:37 Castle Age
23:40 Pikeman
26:15 Medium Warships
26:02 Bodkin Arrow
27:37 Bloodlines
29:28 Scale Barding Armor
33:12 Detinets
33:50 Town Watch
41:56 Imperial Age
42:16 Chain Barding Armor
ehunevazze
3:25 Loom
15:12 Feudal Age
16:05 Town Watch
16:01 Man-at-Arms
17:56 Fletching
19:19 Scale Mail Armor
25:46 Double-Bit Axe
28:50 Castle Age
26:46 Gold Mining
26:50 Stone Mining
29:01 Long Swordsman
29:43 Squires
30:18 Medium Warships
30:48 Bloodlines
33:09 Wheelbarrow
32:51 Bodkin Arrow
34:25 Hand Cart
39:46 Ballistics
40:27 Town Patrol
Connection lost

Rejoining the realm…

Still unreachable

The connection could not be restored.

Session expired

The server has moved on; the page needs a fresh start.